 Dungeon Crawl Stone Soup version 0.29.1-1-gd02db6906a (webtiles) character file.

Game seed: 1477225051252608844

10010 Marana the Severer (level 11, -7/94 HPs)
             Began as a Minotaur Berserker on Oct 3, 2022.
             Was an Elder of Trog.
             Mangled by an ice devil (8 damage)
             ... on level 10 of the Dungeon.
             The game lasted 00:47:58 (10990 turns).

Marana the Severer (Minotaur Berserker)            Turns: 10990, Time: 00:47:58

Health: -7/94      AC: 16    Str: 31    XL:     11   Next: 30%
Magic:  10/10      EV: 10    Int: 11    God:    Trog [****..]
Gold:   542        SH:  0    Dex: 13    Spells: 10/10 levels left

rFire   + . .      SeeInvis .   f - +11 battleaxe "Ashroitzi" {freeze, rN+ Int+5 Dex+4}
rCold   . . .      Faith    .   (shield currently unavailable)
rNeg    + . .      Spirit   .   B - +0 chain mail
rPois   .          Reflect  .   (helmet restricted)
rElec   .          Harm     .   J - +2 cloak
rCorr   .          Rampage  .   (no gloves)
Will    ++...                   E - +0 pair of boots
Stlth   ..........              (no amulet)
HPRegen 1.25/turn               r - +6 ring of strength
MPRegen 0.12/turn               t - ring of protection from fire

@: strong-willed, regenerating
A: horns 2, retaliatory headbutt
a: Renounce Religion, Berserk, Trog's Hand, Brothers in Arms


You were on level 10 of the Dungeon.
You worshipped Trog.
Trog was greatly pleased with you.
You visited 2 branches of the dungeon, and saw 11 of its levels.
You also visited: Bailey.

You collected 542 gold pieces.

Inventory:

Hand Weapons
 f - the +11 battleaxe "Ashroitzi" (weapon) {freeze, rN+ Int+5 Dex+4}
   (You acquired it on level 8 of the Dungeon)

   It freezes those it strikes, dealing additional cold damage.
   It can also slow down cold-blooded creatures.
   Int:       It affects your intelligence (+5).
   Dex:       It affects your dexterity (+4).
   rN:        It protects you from negative energy.
 m - a +0 spectral war axe
 x - the +6 scimitar of the Hurling Augurer {vorpal, rPois rN+}
   (You took it off a spriggan in a bailey)

   It inflicts extra damage upon your enemies.
   rPois:     It protects you from poison.
   rN:        It protects you from negative energy.
 z - the +7 mace of Corporal Punishment {vorpal, rF- Str+4}
   (You found it on level 4 of the Dungeon)

   It inflicts extra damage upon your enemies.
   Str:       It affects your strength (+4).
   rF:        It makes you vulnerable to fire.
Missiles
 j - 50 poisoned darts (quivered)
 w - 3 throwing nets
Armour
 q - a +2 ring mail of cold resistance
 B - a +0 chain mail (worn)
 E - a +0 pair of boots (worn)
 J - a +2 cloak (worn)
Jewellery
 r - a +6 ring of strength (left hand)
 t - a ring of protection from fire (right hand)
 K - a ring of magical power
Wands
 g - a wand of charming (3)
 I - a wand of mindburst (4)
 L - a wand of digging (6)
 M - a wand of roots (3)
Scrolls
 d - 7 scrolls of teleportation
 e - 2 scrolls of vulnerability
 h - a scroll of immolation
 i - 4 scrolls of identify
 p - 2 scrolls of silence
 y - 2 scrolls of amnesia
 D - 2 scrolls of fog {unknown}
 F - a scroll of magic mapping {unknown}
 G - a scroll of poison {unknown}
 H - a scroll of enchant weapon {unknown}
Potions
 a - a potion of flight {unknown}
 b - a potion of resistance {unknown}
 c - 4 potions of curing
 k - a potion of berserk rage {unknown}
 l - a potion of magic {unknown}
 n - 3 potions of brilliance
 o - 3 potions of lignification
 s - a potion of mutation {unknown}
 u - 3 potions of attraction {unknown}
 v - 5 potions of haste
 A - a potion of might
 C - a potion of heal wounds


   Skills:
 + Level 8.3 Fighting
 * Level 15.8 Axes
 - Level 6.0 Throwing
 + Level 10.3 Armour
 - Level 2.1 Dodging


You had 10 spell levels left.
You didn't know any spells.
Your spell library contained the following spells:

 Spells                   Type           Power      Damage    Failure   Level
 Static Discharge         Conj/Air       0%         3-3/arc   89%         2
 Wereblood                Tmut           0%         N/A       89%         2
 Ignite Poison            Fire/Tmut/Pois 0%         N/A       98%         3
 Ozocubu's Armour         Ice            0%         N/A       98%         3
 Summon Lightning Spire   Summ/Air       0%         N/A       100%        4
 Starburst                Conj/Fire      0%         6d3       100%        6
 Ozocubu's Refrigeration  Ice            0%         4d7       100%        7
 Chain Lightning          Conj/Air       0%         N/A       100%        9
 Fire Storm               Conj/Fire      0%         5d1       100%        9


Dungeon Overview and Level Annotations

Branches:
Dungeon (10/15)            Temple (1/1) D:5            Lair (0/5) D:8
 Bailey (visited)
    Orc: D:9-12

Altars:
Ashenzari
Cheibriados
Dithmenos
Elyvilon
Fedhas
Gozag
Hepliaklqana
Kikubaaqudgha
Makhleb
Nemelex Xobeh
Okawaru
Qazlal
Ru
Sif Muna
Trog
Uskayaw
Vehumet
Wu Jian
Xom
Yredelemnul
Zin
The Shining One

Shops:
D:5 *   D:8 [


Innate Abilities, Weirdness & Mutations

You have a pair of horns on your head.
You reflexively headbutt those who attack you in melee.


Message History

You slice the killer bee!! You freeze the killer bee.
You kill the killer bee!
Trog accepts your kill.
You feel sick.
You slash the killer bee! You freeze the killer bee!
You kill the killer bee!
Trog accepts your kill.
You feel sick.
A vampire mosquito comes into view.
You feel sick.
The vampire mosquito buzzes angrily.
The ice devil hits you. The ice devil freezes you!!
Things that are here:
a killer bee corpse; a killer bee corpse; a killer bee corpse You completely miss the ice devil.
Your headbutt misses the ice devil.
You feel sick.
The ice devil hits you but does no damage.
You slash the ice devil! Your headbutt misses the ice devil.
The ice devil is moderately wounded.
You feel sick. The ice devil hits you. The ice devil freezes you!
* * * LOW HITPOINT WARNING * * *
Your skin crawls.
You feel strong-willed.
You feel sick.
The ice devil hits you but does no damage.
You closely miss the ice devil.
The ice devil is moderately wounded.
You feel sick. The ice devil closely misses you.
You feel sick.
You are no longer poisoned.
You barely miss the ice devil.
The ice devil is moderately wounded.
The ice devil hits you!
* * * LOW HITPOINT WARNING * * *
The ice devil freezes you!
* * * LOW HITPOINT WARNING * * *
The ice devil attacks as you move away! The ice devil hits you.
* * * LOW HITPOINT WARNING * * *
The ice devil freezes you!
You die...

####'###### # #)......#...
#####.#.#.#. . #..)).# #..
.. #.#######.### ...
#....)..#...# ...4 #####
#.#####..♣..#
.....#...#####.#...#.....#
.......♣.y4@.'.#.#.#..♣..#
♣†..#####...#.......#
........## #############
####....# ######


You could see an ice devil and a vampire mosquito.

Vanquished Creatures
  Erolcha (D:9)
  A two-headed ogre (Bailey)
  Pikel (D:6)
  Maurice (D:9)
  Maggie (D:9)
  2 kobold demonologists (D:9)
  A troll (D:9)
  2 hornets
  A wyvern (D:9)
  4 spriggans (Bailey)
  10 yaks
  Eustachio (D:4)
  2 steam dragons
  Edmund (D:6)
  An acid dragon (Bailey)
  A water moccasin (D:9)
  4 orc warriors
  2 sky beasts
  An ice beast (D:5)
  2 black bears (D:6)
  8 ogres
  3 centaurs
  A phantom (D:4)
  2 kobold brigands
  A bullfrog (D:8)
  2 necrophages (D:7)
  A scorpion (D:5)
  3 wights (D:9)
  9 killer bees
  2 howler monkeys
  5 hounds
  5 orc priests
  3 jellies
  4 iguanas
  3 orc wizards
  4 gnolls (D:4)
  10 adders
  A shadow imp (D:5)
  2 white imps
  2 ufetubi
  3 worms
  2 dart slugs
  31 orcs
  2 bats (D:2)
  8 endoplasms
  3 giant cockroaches
  11 goblins
  5 hobgoblins
  4 jackals
  21 kobolds
  2 quokkas
  7 ball pythons
  7 frilled lizards
  6 rats
223 creatures vanquished.

Vanquished Creatures (others)
  7 demonic plants (D:10)
7 creatures vanquished.

Grand Total: 230 creatures vanquished

Notes
Turn   | Place    | Note
-------+----------+-------------------------------------------
     0 | D:1      | Marana the Minotaur Berserker began the quest for the Orb.
     0 | D:1      | Reached XP level 1. HP: 19/19 MP: 0/0
   541 | D:1      | Reached skill level 4 in Axes
   548 | D:1      | Found a faded altar of an unknown god.
   560 | D:1      | Reached XP level 2. HP: 26/27 MP: 1/1
  1463 | D:2      | Reached XP level 3. HP: 20/33 MP: 2/2
  1635 | D:2      | Reached ** piety under Trog
  1950 | D:3      | Reached skill level 5 in Axes
  2007 | D:3      | Reached XP level 4. HP: 35/40 MP: 3/3
  2015 | D:3      | Reached skill level 1 in Throwing
  2838 | D:4      | Noticed a phantom
  2847 | D:4      | Killed a phantom
  2848 | D:4      | Reached skill level 6 in Axes
  2848 | D:4      | Reached XP level 5. HP: 32/47 MP: 4/4
  3021 | D:4      | Noticed Eustachio
  3059 | D:4      | Killed Eustachio
  3060 | D:4      | Reached XP level 6. HP: 30/53 MP: 5/5
  3232 | D:4      | Got the Vellum of the Baneful Birds
  3239 | D:4      | Reached *** piety under Trog
  3283 | D:4      | Reached skill level 7 in Axes
  3713 | D:4      | Identified the +7 mace of Corporal Punishment {vorpal, rF-
                  | Str+4}
  3719 | D:4      | Reached XP level 7. HP: 60/60 MP: 6/6
  3985 | D:4      | You fall into a shaft and drop 1 floor!
  3985 | D:5      | Entered Level 5 of the Dungeon
  4012 | D:5      | Reached skill level 5 in Armour
  4192 | D:5      | Found Kihed's Lightly-Used Armoury.
  4204 | D:5      | Reached skill level 5 in Fighting
  4294 | D:5      | Reached skill level 8 in Axes
  4435 | D:5      | Found a shimmering blue altar of Sif Muna.
  4688 | D:5      | Found a staircase to the Ecumenical Temple.
  4700 | Temple   | Entered the Ecumenical Temple
  5140 | D:5      | Reached XP level 8. HP: 20/68 MP: 7/7
  5330 | D:5      | Got Uguofim's Writings on Reshaped Arcane Weapons
  5818 | D:6      | Identified the +10 short sword of Bile {vorpal, Will+
                  | Str+4}
  5924 | D:6      | Reached skill level 9 in Axes
  5928 | D:6      | Noticed Pikel
  6168 | D:6      | Killed Pikel
  6169 | D:6      | Reached skill level 10 in Axes
  6568 | D:6      | Noticed Edmund
  6571 | D:6      | Reached XP level 9. HP: 74/75 MP: 8/8
  6579 | D:6      | Killed Edmund
  7328 | D:7      | Reached skill level 11 in Axes
  7435 | D:7      | Paralysed by a hornet for 3 turns
  7802 | D:7      | Reached skill level 5 in Throwing
  8236 | D:8      | Identified a scroll of acquirement
  8236 | D:8      | Acquired the +11 battleaxe "Ashroitzi" {freeze, rN+ Int+5
                  | Dex+4}
  8498 | D:8      | Reached skill level 12 in Axes
  8563 | D:8      | Found a staircase to the Lair.
  8600 | D:8      | Reached **** piety under Trog
  8601 | D:8      | Found a flagged portal.
  8610 | Bailey   | Entered a bailey
  8801 | Bailey   | Noticed a two-headed ogre
  8808 | Bailey   | Reached XP level 10. HP: 86/86 MP: 9/9
  8810 | Bailey   | Killed a two-headed ogre
  8819 | Bailey   | Identified the +6 scimitar of the Hurling Augurer {vorpal,
                  | rPois rN+}
  8823 | Bailey   | Reached skill level 13 in Axes
  9484 | D:8      | Found Ytiesyl's Antique Armour Shoppe.
  9798 | D:9      | Reached skill level 14 in Axes
  9925 | D:9      | Noticed Erolcha
  9938 | D:9      | Killed Erolcha
 10216 | D:9      | Noticed Maurice
 10223 | D:9      | Killed Maurice
 10224 | D:9      | Reached skill level 10 in Armour
 10352 | D:9      | Noticed Maggie
 10356 | D:9      | Killed Maggie
 10357 | D:9      | Reached skill level 15 in Axes
 10357 | D:9      | Reached XP level 11. HP: 86/94 MP: 10/10
 10720 | D:10     | Entered Level 10 of the Dungeon
 10744 | D:10     | Found a hazy altar of Hepliaklqana.
 10748 | D:10     | Found a snail-covered altar of Cheibriados.
 10749 | D:10     | Found a burning altar of Makhleb.
 10749 | D:10     | Found an ornate altar of the Wu Jian Council.
 10785 | D:10     | Found a glowing silver altar of Zin.
 10989 | D:10     | HP: 2/94 [ice devil (17)]
 10990 | D:10     | Mangled by an ice devil

Illustrated notes

Levels and vault maps discovered:
D:1:      minmay_arrival_plants_in_alcoves, layout_loops_ring,
          ebering_ecumenical_altar_sacrificial, minmay_box_of_dots
D:2:      layout_rooms
D:3:      layout_basic, fountainhead, minmay_quadrilaterals
D:4:      layout_basic, uniq_eustachio
D:5:      layout_basic, nicolae_sif_muna_condensation,
          minmay_temple_entry_arrows, minmay_shop_damaged, hangedman_glass_teeth
D:6:      layout_rooms, uniq_pikel, uniq_edmund
D:7:      layout_loops_ring, kennysheep_generic_room_2
D:8:      layout_loops_cross, lair_entry_dummy, serial_shops,
          kennysheep_little_box, enter_bailey_3, grunt_ogre_cave,
          chequers_jeans, glass_columns_c
D:9:      layout_roguey, kennysheep_flooded_box, uniq_erolcha, uniq_maggie,
          uniq_maurice
D:10:     layout_roguey, grunt_temple_overflow_open, orc_0_dummy, serial_shops,
          kennysheep_mini_moat, serial_demonic, serial_demonic_a,
          serial_demonic_d, serial_demonic_c, serial_demonic_b,
          serial_demonic_b, kb_rosetta
Temple:   lightli_temple_of_artemis

Skill      XL: |  1  2  3  4  5  6  7  8  9 10 11 |
---------------+----------------------------------+-----
Axes           | 4 5 6 7 8 10 12 15 | 15.8
Fighting       | 4 5 6 7 8 |  8.3
Armour         | 3 4 5 7 8 10 | 10.3
Throwing       | 1 2 3 4 5 6 |  6.0
Dodging        | |  2.1

Action                   |  1- 3 |  4- 6 |  7- 9 | 10-12 || total
-------------------------+-------+-------+-------+-------++-------
Melee: Hand axe          |    75 |   139 |   238 |       ||   452
       Headbutt          |     5 |    26 |    49 |    16 ||    96
       Punch             |       |     1 |       |       ||     1
       War axe           |       |       |    36 |       ||    36
       Battleaxe         |       |       |    21 |   124 ||   145
Invok: Trog's Hand       |       |     2 |     3 |     3 ||     8
       Berserk           |       |     1 |     6 |       ||     7
  Use: Scroll            |       |       |    14 |       ||    14
Armor: Animal skin       |     1 |       |       |       ||     1
       Scale mail        |    22 |    39 |    34 |       ||    95
       Chain mail        |       |       |    94 |    40 ||   134
Dodge: Dodged            |    36 |    79 |   106 |    55 ||   276
Block: Buckler           |       |     2 |     8 |       ||    10
       Tower shield      |       |       |    99 |       ||    99
